 Dungeon Crawl Stone Soup version 0.32-a0-886-g41c5271027 (webtiles) character file.

Game seed: 2127181425155952084

55397 Konar the Warrior (level 14, -15/115 HPs)
             Began as a Coglin Hunter on Apr 2, 2024.
             Was a High Priest of Hepliaklqana.
             Demolished by a troll simulacrum (19 damage)
             ... on level 2 of the Orcish Mines.
             The game lasted 00:21:15 (15409 turns).

Konar the Warrior (Coglin Hunter)                  Turns: 15409, Time: 00:21:15

Health: -15/115    AC: 15    Str: 12    XL:     14   Next: 77%
Magic:  31/31      EV: 11    Int: 14    God:    Hepliaklqana [*****.]
Gold:   1312       SH:  0    Dex: 22    Spells: 13/13 levels left

rFire   . . .        a - +5 sling (heavy) {Agam}
rCold   . . .        d - +0 sling (freeze) {Helmut}
rNeg    . . .        G - +1 acid dragon scales
rPois   .            L - +3 hat of Pondering {ponderous, Will+ MP+10 Int+5}
rElec   +            p - +0 cloak
rCorr   +            E - +1 pair of gloves
SInv    .            k - +1 pair of boots
Will    +++..        (amulet unavailable)
Stlth   ++           (ring unavailable)
HPRegen 1.19/turn    (ring unavailable)
MPRegen 0.62/turn    R - automatic ramjet {rElec Will+ Regen+ RegenMP+}

%: no passive effects
@: revved, slow
A: reduced essence, off-hand wielding, slow wielding, warmup strikes, no
jewellery
a: Renounce Religion, Recall Ancestor, Ancestor Identity, Transference, Idealise


You were on level 2 of the Orcish Mines.
You worshipped Hepliaklqana.
Hepliaklqana was extremely pleased with you.
You visited 4 branches of the dungeon, and saw 20 of its levels.
You also visited: Ossuary.

You collected 1724 gold pieces.
You spent 412 gold pieces at shops.

Inventory:

Hand Weapons
 a - a +5 heavy sling (weapon) {Agam}
 d - a +0 sling of freezing (offhand) {Helmut}
Missiles
 B - 2 throwing nets
Armour
 c - a +0 leather armour
 k - a +1 pair of boots (worn)
 p - a +0 cloak (worn)
 E - a +1 pair of gloves (worn)
 G - +1 acid dragon scales (worn)
 K - a +0 robe of willpower
 L - the +3 hat of Pondering (worn) {ponderous, Will+ MP+10 Int+5}
   (You took it off Gastronok on level 10 of the Dungeon)

   Int+5:     It affects your intelligence (+5).
   Will+:     It increases your willpower.
   MP+10:     It affects your magic capacity (+10).
Gizmo
 R - an automatic ramjet (installed) {rElec Will+ Regen+ RegenMP+}
   (You invented it yourself on level 5 of the Lair of Beasts)

   [automatic ramjet]

   rElec:     It insulates you from electricity.
   Will+:     It increases your willpower.
   Regen+:    It increases your rate of health regeneration.
   RegenMP+:  It increases your rate of magic regeneration.
Wands
 n - a wand of paralysis (23)
 t - a wand of polymorph (10)
 y - a wand of roots (33)
 A - a wand of flame (50)
 D - a wand of digging (5)
 F - a wand of mindburst (3)
 O - a wand of acid (5)
Scrolls
 b - a scroll of butterflies
 i - 4 scrolls of poison
 j - 3 scrolls of amnesia
 l - 2 scrolls of noise
 m - 4 scrolls of vulnerability
 v - 4 scrolls of teleportation
 w - 4 scrolls of fog
 I - 2 scrolls of fear
 J - 2 scrolls of blinking
 M - a scroll of revelation
 N - 3 scrolls of summoning
 Q - 6 scrolls of identify
 S - a scroll of immolation
Potions
 e - 3 potions of haste
 f - 3 potions of brilliance
 g - 7 potions of curing
 h - 3 potions of cancellation
 o - a potion of mutation
 q - 4 potions of berserk rage
 r - 3 potions of enlightenment
 s - a potion of lignification
 u - 3 potions of attraction
 x - 3 potions of heal wounds
 z - 2 potions of invisibility
 C - 5 potions of might
 H - 4 potions of magic
 P - 2 potions of resistance
 U - a potion of ambrosia {unknown}
Miscellaneous
 T - a box of beasts


   Skills:
 + Level 17.4 Fighting
 - Level 14.0 Ranged Weapons
 - Level 1.7 Dodging
 - Level 0.7 Stealth
 - Level 10.0 Invocations


You had 13 spell levels left.
You didn't know any spells.
Your spell library contained the following spells:

 Spells                   Type           Power      Damage    Failure   Level
 Freeze                   Ice            0%         1d3       41%         1
 Necrotise                Necr           0%         1d4       41%         1
 Slow                     Hex            0%         N/A       41%         1
 Ensorcelled Hibernation  Hex/Ice        0%         N/A       54%         2
 Scorch                   Fire           0%         2d5       54%         2
 Call Canine Familiar     Summ           0%         N/A       78%         3
 Confusing Touch          Hex            0%         N/A       78%         3
 Frozen Ramparts          Ice            0%         1d1       78%         3
 Fugue of the Fallen      Necr           0%         N/A       78%         3
 Hailstorm                Conj/Ice       0%         3d5       78%         3
 Passwall                 Erth           0%         N/A       78%         3
 Sigil of Binding         Hex            0%         N/A       78%         3
 Swiftness                Air            0%         N/A       78%         3
 Vampiric Draining        Necr           0%         2d6       78%         3
 Volatile Blastmotes      Fire/Tloc      0%         2d10      78%         3
 Anguish                  Hex/Necr       0%         N/A       99%         4
 Dimensional Bullseye     Hex/Tloc       0%         N/A       99%         4
 Flame Wave               Conj/Fire      0%         2d4       99%         4
 Martyr's Knell           Necr/Summ      0%         N/A       99%         4
 Vhi's Electric Charge    Tloc/Air       0%         N/A       99%         4
 Curse of Agony           Necr           0%         N/A       100%        5
 Bombard                  Conj/Erth      0%         9d1       100%        6
 Summon Cactus Giant      Summ           0%         N/A       100%        6


Dungeon Overview and Level Annotations

Branches:
Dungeon (12/15)            Temple (1/1) D:6            Lair (5/5) D:9
  Swamp (0/4) Lair:3       Spider (0/4) Lair:2        Slime (0/5) Lair:4
    Orc (2/2) D:10        Ossuary (visited)
    Elf: Orc:2

Altars:
Ashenzari
Cheibriados
Dithmenos
Elyvilon
Fedhas
Gozag
Hepliaklqana
Kikubaaqudgha
Makhleb
Nemelex Xobeh
Okawaru
Qazlal
Ru
Sif Muna
Trog
Uskayaw
Vehumet
Wu Jian
Xom
Yredelemnul
Zin
The Shining One
Jiyva

Shops:
D:6 ?**   D:9 =?[   D:11 (   D:12 [

Portals:
Trove: D:10 (show slimy rune of Zot)
Ice
Cave: Orc:2

Annotations:
D:3 2 transporters, Domino's ghost, weakling MDFi
D:10 exclusion: orange crystal statue
Lair:2 2 runed translucent doors, Katzoum's ghost, journeyman CoGl
Lair:4 1 runed translucent door
Lair:5 3 runed translucent doors, junkhipster's ghost, journeyman GrFi


Innate Abilities, Weirdness & Mutations

Your life essence is reduced to manifest your ancestor. (-10% HP)
You can wield a second weapon in your off-hand.
It takes a long time for you to wield or remove held weapons.
Your first few attacks do less damage.
You cannot equip rings or amulets.


Message History

The troll simulacrum bites you but does no damage.
The troll simulacrum claws you but does no damage.
The troll simulacrum claws you. The troll simulacrum freezes you!
* * * LOW HITPOINT WARNING * * *
The spriggan simulacrum barely misses you.
You shoot a sling bullet.
The sling bullet hits the troll simulacrum!!
The troll simulacrum vaporises!
You shoot a sling bullet. You shoot a sling bullet.
The sling bullet hits the naga simulacrum.
The naga simulacrum vaporises!
You shoot a sling bullet.
The spriggan simulacrum hits you but does no damage.
You shoot a sling bullet.
The sling bullet hits the spriggan simulacrum.
The spriggan simulacrum is moderately damaged.
You shoot a sling bullet.
The sling bullet completely misses the spriggan simulacrum.
The spriggan simulacrum hits you.
* * * LOW HITPOINT WARNING * * *
The spriggan simulacrum freezes you!
* * * LOW HITPOINT WARNING * * *
You shoot a sling bullet.
The sling bullet hits the spriggan simulacrum!
The spriggan simulacrum vaporises!
You shoot a sling bullet.
The troll simulacrum bites you but does no damage.
The troll simulacrum claws you but does no damage.
The troll simulacrum closely misses you.
You shoot a sling bullet.
The sling bullet barely misses the troll simulacrum.
You shoot a sling bullet.
The sling bullet hits the troll simulacrum!
The troll simulacrum is almost destroyed.
The troll simulacrum bites you!
* * * LOW HITPOINT WARNING * * *
The troll simulacrum freezes you!!
You die...
Hepliaklqana delivers you to your ancestors.

..∩...#
...... ...$#
..$.## ..
#....#...
##........
##.<.......
##○..##....<
#.@Z.# ...
##....# .
#.#.## ...##
##.# ###


You could see a troll simulacrum.

Vanquished Creatures
  Jorgrun (D:11)
  Gastronok (D:10)
  An eleionoma (Lair:3)
  2 hydras
  4 two-headed ogres
  A boulder beetle (Lair:5)
  7 death yaks
  A deep troll shaman (Lair:5)
  2 deep elf pyromancers
  An ugly thing (D:11)
  Maurice (D:11)
  Joseph (D:7)
  6 elephants
  A kobold blastminer (Orc:1)
  A black mamba (Lair:5)
  6 cane toads
  Maggie (D:9)
  3 rime drakes
  Jeremiah (D:7)
  8 komodo dragons
  A troll (D:12)
  4 polar bears
  A jumping spider (Lair:2)
  A hornet (D:7)
  3 blink frogs (Lair:4)
  3 dream sheep (Lair:3)
  A slime creature (D:12)
  A wyvern (D:9)
  30 yaks
  A basilisk (Lair:2)
  5 wraiths
  Eustachio (D:5)
  A steam dragon (D:8)
  A death yak simulacrum (Orc:2)
  A warg (Orc:1)
  2 redbacks (Lair:2)
  3 vampire mosquitoes (Lair:5)
  Menkaure (D:7)
  3 water moccasins
  7 orc warriors
  2 ice beasts
  2 ogres
  15 wolves
  2 black bears (Lair:5)
  3 centaurs
  2 kobold brigands
  12 bullfrogs
  An elf zombie (Ossuary)
  A gnoll sergeant (D:10)
  4 wights
  2 killer bees (D:9)
  An elephant simulacrum (Orc:2)
  An electric eel (D:11)
  3 howler monkeys
  4 bombardier beetles
  2 centaur zombies (Ossuary)
  2 jellies (D:6)
  6 orc priests
  4 hounds
  3 human zombies (Ossuary)
  A sleepcap (D:5)
  5 orc wizards
  2 spriggan simulacra (Orc:2)
  A troll simulacrum (Orc:2)
  5 hound zombies (Ossuary)
  2 mummies (Ossuary)
  6 gnolls
  An adder (D:3)
  A naga simulacrum (Orc:2)
  A shadow imp (D:6)
  4 white imps
  2 ufetubi (D:6)
  4 adder zombies (Ossuary)
  2 dart slugs (D:1)
  2 ribbon worms
  28 orcs
  7 bats
  5 endoplasms
  4 giant cockroaches
  5 gnoll zombies (Ossuary)
  4 goblins (D:2)
  5 hobgoblins
  17 kobolds
  5 quokkas
  5 ball pythons
  2 frilled lizards (D:1)
  5 jackal zombies (Ossuary)
  5 kobold zombies (Ossuary)
  3 orc zombies (Ossuary)
  9 rats
  A butterfly (Lair:2)
342 creatures vanquished.

Vanquished Creatures (collateral kills)
  A dire elephant (Lair:5)
  Josephine (D:11)
  2 hydras
  Erolcha (D:10)
  A catoblepas (Lair:5)
  2 death yaks (Lair:5)
  A two-headed ogre (D:11)
  2 skysharks
  A swamp dragon (Lair:5)
  A manticore (D:12)
  A black mamba (Lair:1)
  4 elephants
  A gargoyle (D:12)
  2 cane toads
  An unseen horror (D:11)
  Psyche (D:8)
  4 komodo dragons
  A polar bear (Lair:5)
  A jumping spider (Lair:2)
  2 blink frogs (Lair:4)
  2 dream sheep (Lair:3)
  3 slime creatures (D:12)
  A shadow (D:9)
  A wraith (D:11)
  19 yaks
  A warg (D:10)
  A wyvern (D:8)
  A vampire mosquito (Lair:5)
  An acid dragon (D:9)
  5 water moccasins
  An ice beast (D:7)
  A sky beast (D:7)
  A black bear (Lair:2)
  8 wolves
  A kobold brigand (D:10)
  2 bullfrogs
  3 scorpions
  3 wights
  A killer bee (D:9)
  3 bombardier beetles
  A howler monkey (D:5)
  A hound (D:6)
  An orc priest (D:6)
  An iguana (D:5)
  Ijyb (D:3)
  3 orc wizards (Orc:1)
  Terence (D:3)
  A hound zombie (Ossuary)
  A mummy (D:7)
  2 adders
  A shadow imp (D:5)
  2 adder zombies (Ossuary)
  A dart slug (D:3)
  2 ribbon worms (D:4)
  2 orcs (Orc:1)
  A bat (D:3)
  A goblin (D:4)
  2 hobgoblins (D:3)
  5 kobolds
  A quokka (D:4)
  A frilled lizard (D:1)
  An orc zombie (Ossuary)
  2 rats
  A butterfly (Lair:2)
126 creatures vanquished.

Vanquished Creatures (others)
  14 battlemagi
  An ancestor (D:2)
15 creatures vanquished.

Grand Total: 483 creatures vanquished

Notes
Turn   | Place    | Note
-------+----------+-------------------------------------------
     0 | D:1      | Konar the Coglin Hunter began the quest for the Orb.
     0 | D:1      | Reached XP level 1. HP: 16/16 MP: 1/1
     9 | D:1      | Found a faded altar of an unknown god.
    22 | D:1      | Prayed at the altar of an unknown god.
    22 | D:1      | Became a worshipper of Hepliaklqana the Forgotten
    22 | D:1      | Reached * piety under Hepliaklqana
   136 | D:1      | Reached XP level 2. HP: 18/19 MP: 2/2
   631 | D:2      | Reached XP level 3. HP: 24/24 MP: 3/3
   736 | D:2      | Found a glowing silver altar of Zin.
   835 | D:2      | Reached ** piety under Hepliaklqana
   836 | D:2      | Remembered your ancestor Arma as a battlemage
  1148 | D:2      | Reached skill level 5 in Ranged Weapons
  1148 | D:2      | Reached XP level 4. HP: 29/29 MP: 4/4
  1430 | D:3      | Noticed a scorpion
  1431 | D:3      | Killed a scorpion
  1432 | D:3      | Reached XP level 5. HP: 34/34 MP: 5/5
  1441 | D:3      | Identified the +5 rapier of Rualaw {flame, *Rage rCorr
                  | Str+4}
  1492 | D:3      | Noticed Domino's ghost (weakling MDFi)
  1513 | D:3      | Found a transporter.
  1516 | D:3      | Noticed Terence
  1521 | D:3      | Killed Terence
  1802 | D:3      | Noticed Ijyb
  1807 | D:3      | Killed Ijyb
  1808 | D:3      | Reached XP level 6. HP: 39/39 MP: 6/6
  1838 | D:3      | Found a transporter.
  2098 | D:4      | Reached *** piety under Hepliaklqana
  2304 | D:4      | Reached XP level 7. HP: 45/45 MP: 7/7
  2559 | D:5      | Entered Level 5 of the Dungeon
  2717 | D:5      | Identified the ring of Ekhefimun {Str+3 Int+6}
  2836 | D:5      | Noticed Eustachio
  2844 | D:5      | Killed Eustachio
  2903 | D:5      | Reached XP level 8. HP: 50/50 MP: 8/8
  3433 | D:6      | Found a snail-covered altar of Cheibriados.
  3433 | D:6      | Found a hazy altar of Hepliaklqana.
  3433 | D:6      | Found a white marble altar of Elyvilon.
  3441 | D:6      | Found Vuexuw's General Store.
  3444 | D:6      | Bought a potion of lignification for 33 gold pieces
  3444 | D:6      | Bought a potion of haste for 110 gold pieces
  3444 | D:6      | Bought a scroll of identify for 22 gold pieces
  3507 | D:6      | Reached **** piety under Hepliaklqana
  3534 | D:6      | Found a staircase to the Ecumenical Temple.
  3539 | Temple   | Entered the Ecumenical Temple
  3553 | D:6      | Found Nihid's General Store.
  3560 | D:6      | Bought a scroll of teleportation for 42 gold pieces
  3611 | D:6      | Reached skill level 10 in Ranged Weapons
  3869 | D:6      | Found Juessung's Magic Scroll Shoppe.
  3880 | D:6      | Bought a scroll of amnesia for 56 gold pieces
  4153 | D:6      | Found a burning altar of Makhleb.
  4153 | D:6      | Found a sparkling altar of Nemelex Xobeh.
  4153 | D:6      | Found a shimmering blue altar of Sif Muna.
  4161 | D:6      | Reached XP level 9. HP: 54/54 MP: 9/9
  4510 | D:7      | Found a sand-covered staircase.
  4519 | Ossuary  | Entered an ossuary
  4908 | D:7      | Noticed Joseph
  4916 | D:7      | Killed Joseph
  5056 | D:7      | Noticed a hornet
  5063 | D:7      | Killed a hornet
  5229 | D:7      | Noticed Menkaure
  5231 | D:7      | Killed Menkaure
  5234 | D:7      | Reached XP level 10. HP: 60/60 MP: 10/10
  5305 | D:7      | Noticed Jeremiah
  5319 | D:7      | Killed Jeremiah
  5709 | D:8      | Reached skill level 1 in Invocations
  5805 | D:8      | Reached ***** piety under Hepliaklqana
  5894 | D:8      | Noticed Psyche
  5898 | D:8      | Killed Psyche
  6434 | D:9      | Found Hutap's Jewellery Shop.
  6547 | D:9      | Found a staircase to the Lair.
  6568 | D:9      | Reached skill level 5 in Invocations
  6611 | D:9      | Reached XP level 11. HP: 52/64 MP: 15/15
  6763 | D:9      | Noticed Maggie
  6770 | D:9      | Killed Maggie
  6857 | D:9      | Noticed a two-headed ogre
  6862 | D:9      | Killed a two-headed ogre
  6975 | D:9      | Found Idire's Armour Emporium.
  7057 | D:9      | Found Mopp's Magic Scroll Emporium.
  7060 | D:9      | Bought a scroll of fear for 52 gold pieces
  7060 | D:9      | Bought a scroll of blinking for 97 gold pieces
  7258 | D:10     | Entered Level 10 of the Dungeon
  7294 | D:10     | Found a portal to a secret trove of treasure.
  7322 | D:10     | Noticed Erolcha
  7328 | D:10     | Killed Erolcha
  7427 | D:10     | Noticed a two-headed ogre
  7438 | D:10     | Killed a two-headed ogre
  7614 | D:10     | Noticed Gastronok
  7619 | D:10     | Noticed a deep elf pyromancer
  7637 | D:10     | Killed a deep elf pyromancer
  7640 | D:10     | Killed Gastronok
  7846 | D:10     | Found a broken altar of Ashenzari.
  7881 | D:10     | Found a staircase to the Orcish Mines.
  7914 | D:10     | Noticed a two-headed ogre
  7921 | D:10     | Killed a two-headed ogre
  7922 | D:10     | Reached skill level 10 in Invocations
  7922 | D:10     | Reached XP level 12. HP: 70/70 MP: 19/19
  8601 | D:11     | Noticed Maurice
  8606 | D:11     | Killed Maurice
  8606 | D:11     | Noticed a two-headed ogre
  8607 | D:11     | Reached skill level 3 in Fighting
  8609 | D:11     | Killed a two-headed ogre
  8610 | D:11     | Reached skill level 4 in Fighting
  8681 | D:11     | Noticed a two-headed ogre
  8685 | D:11     | Killed a two-headed ogre
  8686 | D:11     | Reached skill level 5 in Fighting
  8917 | D:11     | Reached skill level 6 in Fighting
  9039 | D:11     | Found Gaashees's Weapon Shoppe.
  9285 | D:11     | Noticed Josephine
  9294 | D:11     | Killed Josephine
  9295 | D:11     | Reached skill level 7 in Fighting
  9644 | D:12     | Found Heon's Antique Armour Boutique.
  9651 | D:12     | Noticed Jorgrun
  9654 | D:12     | Reached skill level 8 in Fighting
  9663 | D:11     | Killed Jorgrun
  9664 | D:11     | Reached skill level 9 in Fighting
  9849 | D:12     | Reached skill level 10 in Fighting
 10345 | Lair:1   | Entered Level 1 of the Lair of Beasts
 10473 | Lair:1   | Reached XP level 13. HP: 93/93 MP: 20/20
 10542 | Lair:1   | Reached skill level 11 in Fighting
 11171 | Lair:2   | Found a large runed translucent door.
 11171 | Lair:2   | Found a large runed translucent door.
 11176 | Lair:2   | Noticed Katzoum's ghost (journeyman CoGl)
 11256 | Lair:2   | Found a hole to the Spider Nest.
 11453 | Lair:2   | Reached skill level 12 in Fighting
 11889 | Lair:3   | Reached skill level 13 in Fighting
 12479 | Lair:3   | Found a staircase to the Swamp.
 12479 | Lair:3   | Noticed an eleionoma
 12485 | Lair:3   | Killed an eleionoma
 12661 | Lair:4   | Reached skill level 14 in Fighting
 12675 | Lair:4   | Found a runed translucent door.
 12676 | Lair:4   | Found a viscous altar of Jiyva.
 12678 | Lair:4   | Found a staircase to the Slime Pits.
 12678 | Lair:4   | Noticed an acid blob
 13293 | Lair:5   | Entered Level 5 of the Lair of Beasts
 13356 | Lair:5   | Reached XP level 14. HP: 108/108 MP: 21/21
 13356 | Lair:5   | Acquired an automatic ramjet {rElec Will+ Regen+ RegenMP+}
 13375 | Lair:5   | Reached skill level 15 in Fighting
 13488 | Lair:5   | Identified the +0 ring mail of Dithmenos's Anger {Str+3
                  | Int+4}
 13577 | Lair:5   | Found a runed translucent gate.
 13578 | Lair:5   | Found a runed translucent gate.
 13579 | Lair:5   | Found a runed translucent gate.
 13702 | Lair:5   | Reached skill level 16 in Fighting
 14310 | Lair:5   | Noticed a dire elephant
 14317 | Lair:5   | Killed a dire elephant
 14433 | Lair:5   | Noticed junkhipster's ghost (journeyman GrFi)
 14582 | Lair:5   | Reached skill level 17 in Fighting
 14954 | Orc:1    | Entered Level 1 of the Orcish Mines
 15387 | Orc:2    | Entered Level 2 of the Orcish Mines
 15387 | Orc:2    | Found a frozen archway.
 15409 | Orc:2    | HP: 4/115 [troll simulacrum (8)]
 15409 | Orc:2    | Demolished by a troll simulacrum

Illustrated notes

Levels and vault maps discovered:
D:1:      dpeg_arrival_pits, layout_basic,
          chequers_ecumenical_altar_simple_redux
D:2:      layout_rooms, basic_altar, chequers_big_river, minivault_27,
          kennysheep_flooded_box
D:3:      layout_rooms, gammafunk_ghost_arena, kennysheep_crisscross,
          uniq_terence, uniq_ijyb
D:4:      layout_loops_cross, grunt_ministairs_7
D:5:      layout_rooms, dk_noncrumbling_4, dreamdust_princess_corridor,
          uniq_eustachio
D:6:      layout_gridville, grunt_temple_overflow_open, temple_doors_e,
          serial_shops, nicolae_shop_behind_doors, nicolae_shop_window_shopping,
          nicolae_shop_stone, grunt_ministairs_6
D:7:      layout_basic, gup_ossuary_entry_pyramid, grunt_ministairs_13,
          corexii_item_surrounded_by_moat, uniq_joseph, uniq_jeremiah,
          uniq_menkaure
D:8:      layout_rooms, uniq_psyche
D:9:      layout_loops_ring, erik_lair_dragon, serial_shops, shop,
          nicolae_shop_just_a_little_nook, nicolae_shop_rolled_up, hex_medium,
          minmay_misc_feat_chi, serial_library_hellmonk_open_square, uniq_maggie
D:10:     layout_gridville, nicolae_ashenzari_panopticon,
          minmay_orc_entry_guard_dogs, nicolae_trove_entry_columns,
          minivault_16, uniq_erolcha, uniq_gastronok
D:11:     layout_gridville, serial_shops, nicolae_inconvenience_store,
          uniq_maurice, uniq_josephine
D:12:     layout_rooms, nicolae_stop_n_shop_1, uniq_jorgrun
Temple:   regret_index_temple_waves
Lair:1:   layout_small_grid, grunt_forest_stairs_basic, lemuel_fruit_fields
Lair:2:   layout_hall_layers, spider_nest_entry_a, ebering_ghost_disaster_area,
          grunt_forest_small_clearing_treed, lemuel_fruit_fields,
          lemuel_fruit_fields
Lair:3:   layout_misc_corridors, alex1729_swamp_entry_worm_eleionoma,
          ldierk_geyser
Lair:4:   layout_loops_ring, slime_entry_2, infiniplex_staircase_pool_2
Lair:5:   grunt_lair_end_beastmaster, layout_regular_city,
          gammafunk_ghost_split, pond
Orc:1:    layout_diamond_mine
Orc:2:    hellmonk_orc_salted, layout_caves,
          portal_ice_cave_entry_ice_simulacra, gauntlet_entry_generic,
          ebering_ghost_reflecting_pool

Skill      XL: |  1  2  3  4  5  6  7  8  9 10 11 12 13 14 |
---------------+-------------------------------------------+-----
Ranged Weapons | 4 5 6 7 8 10 13 14 | 14.0
Invocations    | 5 10 | 10.0
Fighting       | 10 14 17 | 17.4
Dodging        | |  1.7
Stealth        | |  0.7

Action                     |  1- 3 |  4- 6 |  7- 9 | 10-12 | 13-15 || total
---------------------------+-------+-------+-------+-------+-------++-------
   Fire: Sling             |   154 |   160 |   416 |   696 |   934 ||  2360
 Invoke: Ancestor Identity |     1 |       |       |       |       ||     1
         Recall Ancestor   |     1 |     2 |       |     2 |     3 ||     8
         Ancestor Life: Ba |     1 |       |       |       |       ||     1
         Idealise          |       |       |       |     5 |    10 ||    15
Ability: Invent Gizmo      |       |       |       |       |     1 ||     1
    Use: Scroll            |     4 |     5 |    16 |     3 |     3 ||    31
         Potion            |       |       |     1 |       |     1 ||     2
 Armour: Leather armour    |     9 |    10 |    25 |    15 |       ||    59
         Acid dragon scale |       |       |       |    44 |   152 ||   196
  Dodge: Dodged            |     9 |    10 |    12 |    27 |    90 ||   148

Table legend: (Time is in decaauts)
 A = Elapsed time spent in this place.
 B = Non-inter-level travel time spent in this place.
 C = Inter-level travel time spent in this place.
 D = Time resting spent in this place.
 E = Time spent auto-exploring this place.
 F = Levels seen in this place.
 G = Mean time per level.
                   A        B        C        D        E       F      G
               +--------+--------+--------+--------+--------+-----+--------+
         Total |  16039 |  14056 |   1983 |    705 |  11092 |  21 |  763.8 |
       Dungeon |  10497 |   9085 |   1412 |    564 |   7184 |  12 |  874.8 |
        Temple |      1 |      1 |      0 |      0 |      0 |   1 |    1.0 |
          Lair |   4797 |   4252 |    545 |    141 |   3387 |   5 |  959.4 |
  Orcish Mines |    485 |    460 |     25 |      0 |    366 |   2 |  242.5 |
       Ossuary |    258 |    258 |      0 |      0 |    154 |   1 |  258.0 |
               +--------+--------+--------+--------+--------+-----+--------+

Top non-repeatable levels by time:
    D:10: 1489 daAuts
     D:9: 1432 daAuts
  Lair:5: 1232 daAuts
     D:7: 1100 daAuts
     D:6: 1082 daAuts
    D:11: 1055 daAuts
  Lair:4: 1010 daAuts
  Lair:1: 903 daAuts
  Lair:3: 885 daAuts
  Lair:2: 765 daAuts
     D:5: 720 daAuts
     D:1: 712 daAuts
     D:4: 708 daAuts
     D:2: 700 daAuts
     D:3: 532 daAuts
